 Dungeon Crawl Stone Soup version 0.31-a0-604-g8e0283293c (webtiles) character file.

Game seed: 2951030238985191183

2014277 Flugkiller the Skinwalker (level 25, 195/195 HPs)
             Began as an Octopode Shapeshifter on Aug 21, 2023.
             Was the Champion of Wu Jian.
             Escaped with the Orb
             ... and 3 runes!
             The game lasted 01:29:24 (46249 turns).

Flugkiller the Skinwalker (Octopode Shapeshifter)  Turns: 46249, Time: 01:29:24

Health: 195/195    AC: 28    Str: 33    XL:     25   Next: 88%
Magic:  23/23      EV: 56    Int: 16    God:    Wu Jian [******]
Gold:   6321       SH:  0    Dex: 29    Spells: 24/24 levels left

rFire   + .          .
                       - Unarmed
rCold   . . .        e - melded +2 shield of Resistance {rF++ rC++ Will++}
rNeg    . . .        Z - melded +2 hood of the Assassin {Detect Stab+ Stlth++}
rPois   ∞            V - amulet of Paranoia {Acrobat Rampage Fly Regen+}
rElec   +            P - ring "Bokatzyr" {Will+ Int+2 Dex+6}
rCorr   +            p - +4 ring of protection
SInv    +            j - +4 ring of protection
Will    +++..        W - ring of Tender Moments {Str+2 Slay+4 SInv}
Stlth   +            i - ring "Geurphyen" {rF+ Will+ rCorr Str+3 Stlth-}
HPRegen 1.32/turn    Q - ring "Voblit" {EV+5 Str+8 Int+4 Dex-2}
MPRegen 0.18/turn    A - +4 ring of protection
                     U - +6 ring of dexterity

%: acrobat
@: storm-form, flying, studying 4 skills
A: cleaving, insubstantial, flying, almost no armour, amphibious, 8 rings,
(camouflage 1), (gelatinous body 1), (nimble swimmer 1), (tentacles), (antennae
1), screaming 1, wild magic 2, (heat vulnerability 1)
0: Orb of Zot
}: 3/15 runes: decaying, serpentine, slimy
a: Blinkbolt, Begin Untransformation, Renounce Religion, Wall Jump, Serpent's
Lash, Heavenly Storm


You escaped.
You worshipped Wu Jian.
Wu Jian was exalted by your worship.
You were a lightning-filled tempest!
You visited 9 branches of the dungeon, and saw 48 of its levels.
You also visited: Trove and Ice Cave.

You collected 9318 gold pieces.
You spent 2997 gold pieces at shops.

Inventory:

Armour
 e - the +2 shield of Resistance (melded) {rF++ rC++ Will++}
   (You found it on level 5 of the Pits of Slime)

   rF++:      It greatly protects you from fire.
   rC++:      It greatly protects you from cold.
   Will++:    It greatly increases your willpower.
 Z - the +2 hood of the Assassin (melded) {Detect Stab+ Stlth++}
   (You found it on level 2 of the Depths)

   Detect:    It allows the wearer to sense nearby creatures.
   Stab+:     It allows the wearer to make particularly effective stabbing
   attacks against helpless or unaware enemies with any weapon.
   Stlth++:   It makes you much more stealthy.
Jewellery
 f - a ring of protection from fire
   (You took it off a naga warrior on level 4 of the Snake Pit)
 i - the ring "Geurphyen" (on tentacle) {rF+ Will+ rCorr Str+3 Stlth-}
   (You found it in a treasure trove)

   [ring of willpower]

   Str+3:     It affects your strength (+3).
   rF+:       It protects you from fire.
   Will+:     It increases your willpower.
   rCorr:     It protects you from acid and corrosion.
   Stlth-:    It makes you less stealthy.
 j - a +4 ring of protection (on tentacle)
   (You found it on level 1 of the Swamp)
 o - a +6 ring of dexterity
   (You found it in a treasure trove)
 p - a +4 ring of protection (right tentacle)
   (You found it on level 2 of the Lair of Beasts)
 A - a +4 ring of protection (on tentacle)
   (You found it on level 5 of the Pits of Slime)
 P - the ring "Bokatzyr" (left tentacle) {Will+ Int+2 Dex+6}
   (You acquired it on level 2 of the Dungeon)

   [ring of dexterity]

   Int+2:     It affects your intelligence (+2).
   Dex+6:     It affects your dexterity (+6).
   Will+:     It increases your willpower.
 Q - the ring "Voblit" (on tentacle) {EV+5 Str+8 Int+4 Dex-2}
   (You found it on level 2 of the Depths)

   [ring of evasion]

   EV+5:      It affects your evasion (+5).
   Str+8:     It affects your strength (+8).
   Int+4:     It affects your intelligence (+4).
   Dex-2:     It affects your dexterity (-2).
 U - a +6 ring of dexterity (on tentacle)
   (You found it on level 1 of the Snake Pit)
 V - the amulet of Paranoia (around neck) {Acrobat Rampage Fly Regen+}
   (You bought it in a shop on level 1 of the Snake Pit)

   [amulet of the acrobat]

   Acrobat:   It increases your evasion while moving and waiting.
   Fly:       It grants you flight.
   Regen+:    It increases your rate of health regeneration.
   Rampage:   It bestows one free step when moving towards enemies.
 W - the ring of Tender Moments (on tentacle) {Str+2 Slay+4 SInv}
   (You bought it in a shop on level 1 of the Snake Pit)

   [ring of slaying]

   Str+2:     It affects your strength (+2).
   Slay+4:    It affects your accuracy & damage with ranged weapons and melee
   (+4).
   SInv:      It lets you see invisible.
Talismans
 g - a storm talisman (active)
   (You took it off Sojobo on level 3 of the Vaults)
Wands
 b - a wand of roots (27)
   (You found it in a treasure trove)
 c - a wand of light (28)
   (You found it in a treasure trove)
 D - a wand of paralysis (34)
   (You found it on level 8 of the Dungeon)
 E - a wand of mindburst (49)
   (You took it off an orc on level 7 of the Dungeon)
 I - a wand of digging (18)
   (You found it on level 4 of the Swamp)
Scrolls
 l - 4 scrolls of immolation
 m - 8 scrolls of revelation
 r - a scroll of identify
 t - 13 scrolls of teleportation
 u - 5 scrolls of summoning
 x - 6 scrolls of fog
 z - 7 scrolls of blinking
 F - 7 scrolls of vulnerability
 G - 7 scrolls of fear
 N - 3 scrolls of silence
 R - 5 scrolls of poison
Potions
 a - 8 potions of lignification
 d - 4 potions of might
 h - 4 potions of haste
 k - 6 potions of invisibility
 n - a potion of resistance
 q - 14 potions of curing
 s - 6 potions of magic
 w - 7 potions of heal wounds
 C - 7 potions of attraction
 L - 2 potions of berserk rage
 M - 6 potions of brilliance
 O - 9 potions of enlightenment
 X - 6 potions of mutation
Miscellaneous
 K - a sack of spiders
   (You found it on level 5 of the Lair of Beasts)
 T - a phantom mirror
   (You found it on level 4 of the Swamp)


   Skills:
 + Level 22.0 Fighting
 - Level 16.0 Dodging
 - Level 10.0 Shields
 + Level 22.0 Unarmed Combat
 - Level 12.0 Evocations
 * Level 23.6 Shapeshifting


You had 24 spell levels left.
You didn't know any spells.
Your spell library contained the following spells:

 Spells                   Type           Power      Damage    Failure   Level
 Foxfire                  Conj/Fire      0%         2x1d4     43%         1
 Freeze                   Ice            0%         1d3       43%         1
 Magic Dart               Conj           0%         1d3       43%         1
 Necrotise                Necr           0%         1d4       43%         1
 Slow                     Hex            0%         N/A       43%         1
 Sting                    Tmut/Pois      0%         1d3       43%         1
 Summon Small Mammal      Summ           0%         N/A       43%         1
 Cigotuvi's Dreadful Rot  Necr/Pois/Air  0%         N/A       54%         2
 Ensorcelled Hibernation  Hex/Ice        0%         N/A       54%         2
 Poisonous Vapours        Pois/Air       0%         N/A       54%         2
 Searing Ray              Conj           0%         2d4       54%         2
 Wereblood                Tmut           0%         N/A       54%         2
 Call Canine Familiar     Summ           0%         N/A       75%         3
 Confusing Touch          Hex            0%         N/A       75%         3
 Frozen Ramparts          Ice            0%         1d1       75%         3
 Hailstorm                Conj/Ice       0%         3d3       75%         3
 Inner Flame              Hex/Fire       0%         N/A       75%         3
 Ozocubu's Armour         Ice            0%         N/A       75%         3
 Portal Projectile        Hex/Tloc       0%         N/A       75%         3
 Summon Guardian Golem    Hex/Summ       0%         N/A       75%         3
 Tukima's Dance           Hex            0%         N/A       75%         3
 Vampiric Draining        Necr           0%         2d6       75%         3
 Volatile Blastmotes      Fire/Tloc      0%         2d10      75%         3
 Anguish                  Hex/Necr       0%         N/A       98%         4
 Animate Dead             Necr           0%         N/A       98%         4
 Cause Fear               Hex            0%         N/A       98%         4
 Flame Wave               Conj/Fire      0%         2d4       98%         4
 Fulminant Prism          Conj/Hex       0%         3d5       98%         4
 Iskenderun's Mystic Bla  Conj/Tloc      0%         2d3       98%         4
 Leda's Liquefaction      Hex/Erth       0%         N/A       98%         4
 Olgreb's Toxic Radiance  Pois           0%         N/A       98%         4
 Petrify                  Tmut/Erth      0%         N/A       98%         4
 Sticky Flame             Conj/Fire      0%         2d3       98%         4
 Agony                    Necr           0%         N/A       100%        5
 Borgnjor's Vile Clutch   Necr/Erth      0%         N/A       100%        5
 Lee's Rapid Deconstruct  Erth           0%         3d4*      100%        5
 Metabolic Englaciation   Hex/Ice        0%         N/A       100%        5
 Yara's Violent Unravell  Hex/Tmut       0%         3d3       100%        5
 Death Channel            Necr           0%         N/A       100%        6
 Eringya's Noxious Bog    Tmut/Pois      0%         4d6       100%        6
 Leda's Unmaking          Conj/Erth      0%         9d1       100%        6
 Plasma Beam              Fire/Air       0%         2x1d10    100%        6
 Simulacrum               Ice/Necr       0%         N/A       100%        6
 Starburst                Conj/Fire      0%         6d3       100%        6
 Enfeeble                 Hex            0%         N/A       100%        7
 Ozocubu's Refrigeration  Ice            0%         4d7       100%        7
 Summon Hydra             Summ           0%         N/A       100%        7
 Sublimation of Blood     Necr           Unusable   N/A       N/A         2

Dungeon Overview and Level Annotations

Branches:
Dungeon (15/15)            Temple (0/1) D:4            Lair (5/5) D:8
  Swamp (4/4) Lair:2        Snake (4/4) Lair:3        Slime (5/5) Lair:5
    Orc (2/2) D:9             Elf (0/3) Orc:2        Vaults (4/5) D:13
  Crypt (0/3) Vaults:2     Depths (4/4) D:15            Zot (5/5) Depths:4
  IceCv (visited)

Altars:
Dithmenos
Elyvilon
Fedhas
Gozag
Hepliaklqana
Kikubaaqudgha
Makhleb
Okawaru
Qazlal
Ru
Sif Muna
Uskayaw
Wu Jian
Xom
Yredelemnul
Zin
Jiyva

Shops:
D:6 *   D:11 [   Orc:1 *   Orc:2 (*[=   Snake:1 =   Snake:3 :=:   Depths:2 *[

Portals:
Hell: Depths:1 Depths:2 Depths:3 Depths:4
Abyss: Depths:2 Depths:3
Pandemonium: Depths:1 Depths:2 Depths:4
Ziggurat: Depths:2

Annotations:
D:3 3 runed translucent doors, exclusion: ice beast, Grinder; anoamas321's ghost, amateur HOFi
D:4 1 runed translucent door, Crazy Yiuf
D:6 4 runed translucent doors, exclusion: two-headed ogre
Lair:1 2 transporters, MrCrawl's ghost, journeyman TeFE
Lair:2 1 runed translucent door
Lair:4 1 runed translucent door, Kareus's ghost, journeyman DgCj
Lair:5 1 runed translucent door, zero's ghost, journeyman GrEE
Snake:1 1 runed translucent door, Arcadio's ghost, adept DESu


Innate Abilities, Weirdness & Mutations

You are a lightning-filled tempest!
Your electrical attacks strike out in all directions at once.
You are incredibly evasive.
Your insubstantial body is immune to petrification, constriction, and being set on fire You are flying.
Your armour is entirely melded.
You are incapable of wielding weapons or throwing items.
You cannot wear most types of armour.
You are amphibious.
You can wear up to eight rings at the same time.
You are immune to poison.
((Your skin changes colour to match your surroundings (Stealth+).))
((Your rubbery body absorbs attacks. (AC +1, EV +1)))
((You are camouflaged when in or above water. (Stealth+)))
((You have tentacles for arms and can constrict up to eight enemies at once.))
((You have a pair of small antennae on your head.))
You occasionally shout uncontrollably at your foes.
Your spells are harder to cast, but more powerful.
((You are vulnerable to heat. (rF-)))


Message History

You kill the lorocyproca!
The Council accepts your kill.
A shadow demon comes into view.
You blast the shadow demon!!!!
Lightning courses through the shadow demon!
You kill the shadow demon!
The Council accepts your kill.
No target in view!
No target in view!
There is a stone staircase leading up here.
You fly upwards.
There is a stone staircase leading down here.
There is a stone staircase leading up here.
You fly upwards.
There is a stone staircase leading down here.
There is a stone staircase leading up here.
You fly upwards.
There is a stone staircase leading down here.
You see here a +0 dagger.
Things that are here:
a +0 leather armour; a +0 club
There is an open door, spattered with blood here.
Things that are here:
a +0 robe; a +0 halberd
There is an open door here.
Things that are here:
a +0 ring mail; a +0 short sword
There is a stone staircase leading up here.
There is a stone staircase leading up here.
You fly upwards.
Level annotation: 4 runed translucent doors, exclusion: two-headed ogre
There is a stone staircase leading down here.
A neqoxec comes into view.
The neqoxec shouts!
There is a stone staircase leading up here.
You fly upwards.
There is a stone staircase leading down here. 3 hell hounds come into view. 2 hell hounds come into view.
The hell hound barks! x3
The hell hound breathes flames at you.
The blast of flame hits the hell hound.
The hell hound completely resists.
The blast of flame misses you.
You spin and attack the hell hound repeatedly.
You blast the hell hound!!!!
You kill the hell hound!
The Council accepts your kill. The hell hound breathes flames at you.
The blast of flame misses you. The hell hound completely misses you.
There is a stone staircase leading up here.
The hell hound completely misses you. x2
You fly upwards.
Level annotation: 1 runed translucent door, Crazy Yiuf
There is a stone staircase leading down, spattered with blood here.
You see here a scroll of brand weapon.
You blast the hell hound!!!
Lightning courses through the hell hound!
You kill the hell hound!
The Council accepts your kill.
No target in view!
Things that are here:
a +0 scale mail; a +0 dagger; an orc skeleton
There is a stone staircase leading up here.
You fly upwards.
Level annotation: 3 runed translucent doors, exclusion: ice beast, Grinder; anoamas321's ghost, amateur HOFi An Ice Fiend comes into view.
There is a stone staircase leading down here.
The Ice Fiend calls on the powers of darkness!
Your body is wracked with pain!
Your muscles tense, ready for explosive movement...
You lunge with incredible momentum at the Ice Fiend, in a flurry of attacks.
You hit the Ice Fiend. You punch the Ice Fiend!
The Ice Fiend is moderately wounded.
You batter the Ice Fiend!!
Lightning courses through the Ice Fiend!
The Ice Fiend is heavily wounded.
You spin and attack the Ice Fiend repeatedly, with incredible momentum.
You buffet the Ice Fiend!
You punch the Ice Fiend, but do no damage.
The Ice Fiend is severely wounded.
You blast the Ice Fiend!!!!
You kill the Ice Fiend!
The Council accepts your kill.
Your supernatural speed expires.
You feel less exhausted.
There is an open door here.
There is a stone staircase leading up here.
You fly upwards.
There is a stone staircase leading down here.
There is an open door here.
There is an open door here.
You see here a +0 club.
HP restored.
There is a stone staircase leading up here.
You fly upwards.
There is a stone staircase leading down here.
There is an open door here.
There is a staircase leading out of the dungeon here.
Enter note: gg You have escaped!

#####.##..##>.....#.######..#.
#..........##.#..†......#.
###.#.##.#.##.#########.#.
#.........#...........##
########.############### #.###
#.# ###.# ##..####'####..##
###..'...'..### ####.v.#### ##
###..'...'..###
.#########..####'####..##
........#.### #.# ###.#
.######..## #.# ### .# ####
### .# ##


There were no monsters in sight!

Vanquished Creatures
  the Royal Jelly (Slime:5)
  A dread lich (Zot:5)
  2 ancient liches
  9 orbs of fire
  2 juggernauts (Depths:2)
  Sojobo (Vaults:3)
  8 Killer Klowns
  Vashnia (Snake:4)
  4 curse toes
  Bai Suzhen (Vaults:3)
  the Enchantress (Depths:1)
  6 golden dragons
  Nikola (Swamp:1)
  A bone dragon (Depths:4)
  Jory (Depths:4)
  4 electric golems
  A Tzitzimitl (Zot:5)
  2 Ice Fiends
  12 tentacled monstrosities
  4 liches
  26 Orb Guardians
  Rupert (Orc:2)
  4 quicksilver dragons
  A walking earthen tome (Depths:2)
  2 sphinxes
  2 walking frostbound tomes
  6 death cobs
  An Executioner (Depths:4)
  17 acid blobs
  A thorn hunter (Swamp:4)
  6 shadow dragons
  An ancient champion (Vaults:2)
  Donald (Swamp:2)
  8 tengu reavers
  4 draconian monks
  11 rockslimes
  Aizul (Swamp:1)
  Agnes (Snake:2)
  6 nagarajas (Snake:4)
  16 azure jellies
  3 draconian knights
  7 storm dragons
  Roxanne (Swamp:2)
  2 fire giants (Depths:1)
  2 iron dragons
  4 balrugs
  12 frost giants
  2 ghost moths
  9 vault wardens
  6 draconian shifters
  8 quicksilver oozes
  5 spriggan defenders
  Louise (Swamp:1)
  2 draconian annihilators
  13 ironbound preservers
  6 draconian stormcallers
  4 orc warlords
  5 formless jellyfish
  4 ironbound thunderhulks
  5 vampire knights
  8 stone giants
  A war gargoyle (Vaults:4)
  4 black draconians
  A lorocyproca (D:10)
  11 very ugly things
  10 green draconians
  12 dire elephants
  4 eleionomae
  4 bunyips
  13 yellow draconians
  10 spark wasps
  4 purple draconians
  7 white draconians
  Azrael (Orc:2)
  8 red draconians
  A green death (Depths:1)
  5 jiangshi
  2 ettins
  6 fire dragons
  Josephine (D:13)
  A deep elf high priest (Vaults:4)
  3 entropy weavers
  10 great orbs of eyes
  3 shambling mangroves
  7 yaktaur captains
  Fannar (Lair:2)
  3 rakshasas
  4 salamander tyrants
  A ghost crab (Swamp:3)
  8 vault guards
  11 ironbound frosthearts
  10 centaur warriors
  20 hydras
  6 spriggan air magi
  14 anacondas
  9 ice dragons
  An anaconda (shapeshifter) (Vaults:2)
  8 alligators
  6 boulder beetles
  7 tengu warriors
  3 deep troll shamans
  5 deep troll earth magi (Depths:3)
  4 vampire magi
  22 naga warriors
  5 death yaks
  5 two-headed ogres
  10 shock serpents
  An orc high priest (Orc:2)
  16 naga sharpshooters
  13 spriggans
  4 spriggan berserkers
  A deep elf knight (D:12)
  3 sun demons
  A salamander mystic (Snake:2)
  A sixfirhy (Depths:4)
  4 skeletal warriors
  2 glowing orange brains (shapeshifter)
  3 iron trolls
  A swamp dragon (shapeshifter) (Depths:2)
  15 swamp dragons
  A glowing orange brain (Depths:1)
  4 goliath frogs
  7 naga ritualists
  52 deep trolls
  A shadow demon (D:10)
  2 flayed ghosts (Depths:2)
  A spriggan druid (Swamp:4)
  An obsidian statue (Zot:5)
  A deep elf archer (D:13)
  3 phantasmal warriors
  9 bog bodies
  6 lindwurms
  11 ironbound convokers
  A necromancer (D:15)
  3 harpies
  15 mana vipers
  6 deep elf pyromancers
  13 orc knights
  6 wizards
  3 deep elf zephyrmancers (D:13)
  3 will-o-the-wisps
  5 orc sorcerers
  8 cyclopes
  32 ugly things
  4 shining eyes
  11 moths of wrath
  16 salamanders
  Maurice (D:13)
  14 elephants
  6 manticores
  21 vault sentinels
  2 rust devils
  A water nymph (shapeshifter) (Depths:3)
  35 black mambas
  2 ice statues
  20 naga magi
  A smoke demon (Depths:2)
  10 cane toads
  A gargoyle (D:12)
  4 centaur skeletons (D:13)
  A torpor snail (Lair:4)
  2 orange demons (Depths:4)
  An unseen horror (D:12)
  11 guardian serpents
  4 eyes of devastation
  12 komodo dragons
  2 kobold demonologists (D:13)
  2 efreet
  5 rime drakes
  4 freezing wraiths
  4 tengu conjurers
  32 yaktaurs
  11 polar bears (Lair:5)
  A wolf spider simulacrum (D:15)
  6 trolls
  2 bloated husks
  13 hornets
  A tarantella (Vaults:1)
  9 tyrant leeches
  15 blink frogs
  2 raiju (Lair:5)
  97 slime creatures
  Sigmund (D:4)
  A culicivora (Vaults:2)
  A jumping spider (shapeshifter) (Depths:4)
  7 water elementals
  2 vampires
  65 yaks
  5 shadows
  2 ynoxinuls (Depths:4)
  A human (shapeshifter) (D:15)
  8 wraiths
  5 basilisks
  4 steam dragons
  A human (Lair:2)
  7 wyverns
  A yak (shapeshifter) (D:12)
  3 golden eyes (Slime:5)
  A neqoxec (D:14)
  7 vampire mosquitoes
  A chaos spawn (Depths:4)
  3 fire elementals (Orc:2)
  3 redbacks
  3 large abominations (Depths:4)
  8 wargs
  40 nagas
  10 water moccasins
  16 swamp worms
  3 acid dragons
  21 hell hounds
  23 orc warriors
  2 hornet zombies (D:15)
  12 swamp drakes
  14 black bears
  14 ice beasts
  2 sky beasts (D:7)
  2 great orb of eyes simulacra (IceCv)
  4 ogres
  5 boggarts
  20 wolves
  16 centaurs
  2 phantoms
  3 kobold brigands
  4 glowing shapeshifter simulacra (IceCv)
  12 bullfrogs
  3 gnoll sergeants
  A scorpion (D:7)
  16 wights
  A killer bee (shapeshifter) (D:13)
  6 killer bees (D:7)
  A howler monkey (D:12)
  7 electric eels (D:14)
  2 vampire bats (D:5)
  5 hounds
  5 jellies
  A centaur zombie (D:3)
  2 gnoll boudas
  22 orc priests
  A sleepcap (D:6)
  7 iguanas
  Ijyb (D:4)
  26 orc wizards
  3 shapeshifter simulacra (IceCv)
  A scorpion zombie (D:3)
  A boggart skeleton (D:15)
  Robin (D:4)
  15 gnolls
  6 adders
  2 shadow imps
  3 white imps
  An ufetubus (D:5)
  A worm (D:4)
  3 dart slugs
  53 orcs
  5 ball pythons
  4 bats
  5 bat skeletons (D:5)
  2 bat zombies (D:5)
  7 endoplasms
  4 giant cockroaches
  15 goblins
  5 hobgoblins
  5 jackals
  16 kobolds
  3 quokkas
  10 frilled lizards
  3 rats
1871 creatures vanquished.

Vanquished Creatures (others)
  A draconian knight (Zot:1)
  A draconian scorcher (Depths:4)
  3 yellow draconians (Zot:3)
  2 black draconians (Zot:3)
  3 bloated husks
  2 slime creatures (Slime:1)
  A swamp worm (Swamp:3)
  4 foxfires (Swamp:1)
17 creatures vanquished.

Grand Total: 1888 creatures vanquished

Notes
Turn   | Place    | Note
-------+----------+-------------------------------------------
     0 | D:1      | Flugkiller the Octopode Shapeshifter began the quest for
                  | the Orb.
     0 | D:1      | Reached XP level 1. HP: 13/13 MP: 1/1
    96 | D:1      | Reached XP level 2. HP: 11/18 MP: 2/2
   492 | D:1      | Reached XP level 3. HP: 24/24 MP: 3/3
   647 | D:2      | Found an ornate altar of the Wu Jian Council.
   667 | D:2      | Became a worshipper of the Wu Jian Council
   828 | D:2      | Found a faded altar of an unknown god.
  1289 | D:2      | Reached XP level 4. HP: 23/29 MP: 4/4
  1695 | D:2      | Identified 3 scrolls of acquirement
  1695 | D:2      | Acquired the +4 kite shield of Ticsuu {Dex+2 Slay+2}
  1697 | D:2      | Acquired 1081 gold pieces
  1704 | D:2      | Acquired the ring "Bokatzyr" {Will+ Int+2 Dex+6}
  1784 | D:3      | Noticed Grinder
  1974 | D:3      | Found a runed translucent gate.
  1974 | D:3      | Found a runed translucent gate.
  1974 | D:3      | Found a runed translucent gate.
  1974 | D:3      | Noticed anoamas321's ghost (amateur HOFi)
  1978 | D:3      | Found a basalt altar of Yredelemnul.
  1999 | D:3      | Reached XP level 5. HP: 21/34 MP: 5/5
  2361 | D:3      | Found a stormy altar of Qazlal.
  2362 | D:3      | Found an iron altar of Okawaru.
  2632 | D:3      | Noticed an ice beast
  2916 | D:4      | Noticed Robin
  2929 | D:3      | Reached * piety under Wu Jian
  3054 | D:3      | Reached skill level 4 in Shapeshifting
  3094 | D:4      | Reached XP level 6. HP: 29/39 MP: 6/6
  3145 | D:4      | Killed Robin
  3147 | D:4      | Found a staircase to the Ecumenical Temple.
  3507 | D:4      | Noticed Sigmund
  3548 | D:4      | Killed Sigmund
  3549 | D:4      | Reached skill level 5 in Shapeshifting
  3549 | D:4      | Reached XP level 7. HP: 32/45 MP: 7/7
  3679 | D:4      | Reached skill level 6 in Shapeshifting
  3777 | D:4      | Found a hide-covered altar of Uskayaw.
  3777 | D:4      | Found a burning altar of Makhleb.
  4135 | D:4      | Reached skill level 1 in Shields
  4191 | D:4      | Noticed Ijyb
  4249 | D:4      | Killed Ijyb
  4409 | D:4      | Found a runed translucent door.
  4410 | D:4      | Noticed Crazy Yiuf
  4612 | D:5      | Entered Level 5 of the Dungeon
  4766 | D:5      | Reached ** piety under Wu Jian
  4768 | D:5      | Reached XP level 8. HP: 51/51 MP: 8/8
  4805 | D:4      | Gained mutation: You are robust. (+10% HP) [potion of
                  | mutation]
  4805 | D:4      | Gained mutation: You have a pair of small antennae on your
                  | head. [potion of mutation]
  4805 | D:4      | Gained mutation: One of your tentacles bears a spike.
                  | [potion of mutation]
  4822 | D:5      | Found an opulent altar of Gozag.
  5175 | D:5      | Found an ancient bone altar of Kikubaaqudgha.
  5352 | D:6      | Found a large runed translucent door.
  5352 | D:6      | Found a large runed translucent door.
  5363 | D:6      | Reached skill level 5 in Unarmed Combat
  5442 | D:6      | Noticed a two-headed ogre
  5443 | D:6      | Noticed a two-headed ogre
  5463 | D:6      | Noticed a two-headed ogre
  5512 | D:6      | Reached *** piety under Wu Jian
  5542 | D:6      | Found a large runed translucent door.
  5542 | D:6      | Found a large runed translucent door.
  5596 | D:6      | Found Hyenke Ygesh's Assorted Antiques.
  5600 | D:6      | Bought a runed hat for 196 gold pieces
  5601 | D:6      | Acquired a manual of Evocations
  5625 | D:6      | Reached skill level 7 in Shapeshifting
  5625 | D:6      | Reached XP level 9. HP: 58/63 MP: 9/9
  5659 | D:6      | Found a shadowy altar of Dithmenos.
  5662 | D:6      | Reached skill level 1 in Evocations
  5906 | D:6      | Noticed a cyclops
  6065 | D:6      | Killed a cyclops
  6066 | D:6      | Reached skill level 5 in Shields
  6163 | D:7      | Reached skill level 5 in Evocations
  6326 | D:7      | Reached skill level 8 in Shapeshifting
  6446 | D:7      | Noticed a boulder beetle
  6611 | D:7      | Killed a boulder beetle
  6612 | D:7      | Reached skill level 9 in Shapeshifting
  6612 | D:7      | Reached XP level 10. HP: 28/69 MP: 10/10
  6853 | D:7      | Reached skill level 5 in Dodging
  6889 | D:7      | Noticed a two-headed ogre
  6983 | D:7      | Killed a two-headed ogre
  7884 | D:8      | Found a glowing silver altar of Zin.
  8003 | D:8      | Noticed a death yak
  8006 | D:8      | Reached **** piety under Wu Jian
  8069 | D:8      | Killed a death yak
  8070 | D:8      | Reached skill level 5 in Fighting
  8227 | D:8      | Found a staircase to the Lair.
  8229 | D:8      | Noticed a death yak
  8231 | D:8      | Noticed a death yak
  8351 | D:8      | Reached XP level 11. HP: 78/78 MP: 11/11
  8539 | D:8      | Found a shimmering blue altar of Sif Muna.
  8809 | D:7      | Killed a death yak
  9108 | D:8      | Killed a death yak
  9447 | D:9      | Found a staircase to the Orcish Mines.
  9701 | D:9      | Noticed a two-headed ogre
  9708 | D:9      | Killed a two-headed ogre
  9771 | D:9      | Found a sacrificial altar of Ru.
  9901 | D:9      | Found a white marble altar of Elyvilon.
 10358 | D:10     | Entered Level 10 of the Dungeon
 10886 | D:10     | Noticed a boulder beetle
 10911 | D:10     | Killed a boulder beetle
 11601 | D:11     | Noticed a manticore
 11613 | D:11     | Killed a manticore
 11614 | D:11     | Reached XP level 12. HP: 81/89 MP: 12/12
 11653 | D:11     | Found Hotwadix's Antique Armour Shoppe.
 12467 | Lair:1   | Entered Level 1 of the Lair of Beasts
 12543 | Lair:1   | Found a transporter.
 12559 | Lair:1   | Found a transporter.
 12559 | Lair:1   | Noticed MrCrawl's ghost (journeyman TeFE)
 12870 | Lair:1   | Reached skill level 10 in Unarmed Combat
 12871 | Lair:1   | Reached skill level 10 in Dodging
 13395 | Lair:2   | Reached skill level 10 in Fighting
 13397 | Lair:2   | Reached ***** piety under Wu Jian
 13457 | Lair:2   | Found a staircase to the Swamp.
 13475 | Lair:2   | Noticed Fannar
 13486 | Lair:2   | Reached XP level 13. HP: 80/101 MP: 13/13
 13512 | Lair:2   | Killed Fannar
 14058 | Lair:2   | Found a runed translucent door.
 14680 | Lair:3   | Found a staircase to the Snake Pit.
 15474 | Lair:4   | Found a runed translucent door.
 15475 | Lair:4   | Found a shimmering altar of Xom.
 15475 | Lair:4   | Noticed Kareus's ghost (journeyman DgCj)
 15477 | Lair:4   | Identified the +4 rapier "Siogienk" {chaos, *Noise rElec
                  | rF+ rCorr}
 16065 | Lair:5   | Entered Level 5 of the Lair of Beasts
 16124 | Lair:5   | Reached XP level 14. HP: 40/111 MP: 14/14
 16128 | Lair:5   | Reached skill level 10 in Shapeshifting
 16148 | Lair:5   | Found a frozen archway.
 16157 | IceCv    | Entered an ice cave
 16761 | IceCv    | Noticed a quicksilver ooze
 16766 | IceCv    | Killed a quicksilver ooze
 16774 | IceCv    | Found a viscous altar of Jiyva.
 16774 | IceCv    | Noticed an azure jelly
 16783 | IceCv    | Killed an azure jelly
 16790 | IceCv    | Noticed an azure jelly
 16801 | IceCv    | Killed an azure jelly
 16812 | IceCv    | Got the ring "Sitwuepn" {rC+ rN++ Slay-4}
 16815 | IceCv    | Got the ring "Qusat" {Ice *Corrode rN++ Str+4}
 16950 | Lair:5   | Found a runed translucent door.
 17092 | Lair:5   | Found a staircase to the Slime Pits.
 17152 | Lair:5   | Found a viscous altar of Jiyva.
 17295 | Lair:5   | Reached ****** piety under Wu Jian
 17683 | Lair:5   | Reached skill level 10 in Shields
 18262 | Lair:5   | Identified the +7 long sword of Gasem {flame, Int+6 Dex-5}
 18274 | Lair:5   | Reached XP level 15. HP: 118/118 MP: 15/15
 18323 | Lair:5   | Noticed zero's ghost (journeyman GrEE)
 18586 | D:12     | Reached skill level 11 in Shapeshifting
 18965 | D:12     | Identified the +4 falchion "Killer Bee's Curse" {antimagic,
                  | rPois rF+ Str+3 Stlth+}
 18991 | D:12     | Identified the +2 pair of gloves of Joy {rPois Str+3}
 20112 | D:13     | Reached skill level 12 in Shapeshifting
 20118 | D:13     | Found a gate to the Vaults.
 20390 | D:13     | Noticed Josephine
 20392 | D:13     | Noticed Maurice
 20401 | D:13     | Killed Maurice
 20404 | D:13     | Killed Josephine
 20628 | D:14     | Found a hazy altar of Hepliaklqana.
 21640 | D:14     | Noticed a frost giant
 21646 | D:14     | Killed a frost giant
 21884 | D:15     | Entered Level 15 of the Dungeon
 21918 | D:15     | Reached XP level 16. HP: 125/125 MP: 16/16
 21930 | D:15     | Found a staircase to the Depths.
 22965 | D:13     | Identified the +1 leather armour "Askican" {Str+3}
 23072 | Orc:1    | Entered Level 1 of the Orcish Mines
 23072 | Orc:1    | Found Ucvuluuh's Assorted Antiques.
 23405 | Orc:2    | Entered Level 2 of the Orcish Mines
 23724 | Orc:2    | Found Likelab's Antique Armour Shoppe.
 23734 | Orc:2    | Found Noor's Antique Weapon Shoppe.
 23736 | Orc:2    | Found Biaqua's General Store.
 23738 | Orc:2    | Found Fouz's Jewellery Shoppe.
 23778 | Orc:2    | Noticed Azrael
 23787 | Orc:2    | Reached skill level 10 in Evocations
 23800 | Orc:2    | Killed Azrael
 23917 | Orc:2    | Bought a potion of heal wounds for 75 gold pieces
 23927 | Orc:2    | Noticed Rupert
 23981 | Orc:2    | Killed Rupert
 24075 | Orc:2    | Found a staircase to the Elven Halls.
 24628 | Snake:1  | Entered Level 1 of the Snake Pit
 24820 | Snake:1  | Found a runed translucent door.
 24910 | Snake:1  | Identified the +8 dagger of the Hills {freeze, Int+6}
 25109 | Snake:1  | Found Negipteq's Jewellery Shop.
 25118 | Snake:1  | Bought the amulet of Paranoia {Acrobat Rampage Fly Regen+}
                  | for 742 gold pieces
 25118 | Snake:1  | Bought the ring of Tender Moments {Str+2 Slay+4 SInv} for
                  | 1774 gold pieces
 25246 | Snake:1  | Noticed Arcadio's ghost (adept DESu)
 25426 | Snake:2  | Reached skill level 15 in Unarmed Combat
 25435 | Snake:2  | Noticed Agnes
 25442 | Snake:2  | Reached XP level 17. HP: 135/135 MP: 17/17
 25444 | Snake:2  | Reached skill level 13 in Shapeshifting
 25445 | Snake:2  | Killed Agnes
 25604 | Snake:2  | Found a burning altar of Makhleb.
 26578 | Snake:3  | Found Qohunot's Book Boutique.
 26579 | Snake:3  | Found Ygumuulo's Jewellery Emporium.
 26580 | Snake:3  | Found Lioto's Book Boutique.
 26685 | Snake:4  | Entered Level 4 of the Snake Pit
 26685 | Snake:4  | Found a blossoming altar of Fedhas.
 26774 | Snake:4  | Reached skill level 14 in Shapeshifting
 26860 | Snake:4  | Reached skill level 15 in Fighting
 27127 | Snake:4  | Reached XP level 18. HP: 147/147 MP: 18/18
 27278 | Snake:4  | Noticed Vashnia
 27286 | Snake:4  | Killed Vashnia
 27287 | Snake:4  | Reached skill level 15 in Shapeshifting
 27355 | Snake:4  | Got a serpentine rune of Zot
 27996 | Swamp:1  | Entered Level 1 of the Swamp
 27996 | Swamp:1  | Noticed Nikola
 27996 | Swamp:1  | Noticed Louise
 28004 | Swamp:1  | Killed Louise
 28040 | Swamp:1  | Killed Nikola
 28045 | Swamp:1  | Reached skill level 16 in Shapeshifting
 28052 | Swamp:1  | Noticed Aizul
 28061 | Swamp:1  | Killed Aizul
 28281 | Swamp:1  | Found the +3 pair of mountain boots {steadfast, rC+}
 28397 | Swamp:2  | Noticed Donald
 28406 | Swamp:2  | Killed Donald
 28496 | Swamp:2  | Noticed Roxanne
 28630 | Swamp:2  | HP: 6/147 [spriggan air mage/the air (35)]
 29053 | Swamp:2  | Killed Roxanne
 29266 | Swamp:3  | Reached skill level 17 in Shapeshifting
 29295 | Swamp:3  | Reached XP level 19. HP: 152/152 MP: 19/19
 29613 | Swamp:4  | Entered Level 4 of the Swamp
 29685 | Swamp:4  | Reached skill level 18 in Shapeshifting
 29708 | Swamp:4  | Got a decaying rune of Zot
 30296 | Vaults:1 | Entered Level 1 of the Vaults
 30541 | Vaults:1 | Reached skill level 19 in Shapeshifting
 31036 | Vaults:1 | Reached XP level 20. HP: 159/159 MP: 20/20
 31665 | Vaults:2 | Reached skill level 20 in Shapeshifting
 31729 | Vaults:2 | Found a staircase to the Crypt.
 32416 | Vaults:2 | Found a portal to a secret trove of treasure.
 32525 | Vaults:3 | Identified the +0 great sword "Kilop" {distort, *Rage
                  | +Blink rN+++ MP-9}
 32602 | Vaults:3 | Reached skill level 21 in Shapeshifting
 32860 | Vaults:3 | Noticed Sojobo
 32868 | Vaults:3 | Killed Sojobo
 32889 | Vaults:3 | Reached XP level 21. HP: 166/166 MP: 21/21
 33193 | Vaults:3 | Noticed Bai Suzhen
 33200 | Vaults:3 | Killed Bai Suzhen
 33836 | Vaults:4 | Identified the ring "Faudat" {Fire Will+ Dex+2}
 34457 | Vaults:4 | Reached skill level 15 in Dodging
 34963 | Depths:1 | Entered Level 1 of the Depths
 35160 | Depths:1 | Noticed the Enchantress
 35171 | Depths:1 | Killed the Enchantress
 35704 | Depths:1 | Found a gateway to Hell.
 35789 | Depths:1 | Reached XP level 22. HP: 178/178 MP: 22/22
 35884 | Depths:1 | Found a one-way gate leading to the halls of Pandemonium.
 36215 | Depths:2 | Found Ekhycostra's General Store.
 36218 | Depths:2 | Found Sailelum's Armour Shop.
 36250 | Depths:2 | Identified the ring "Voblit" {EV+5 Str+8 Int+4 Dex-2}
 36270 | Depths:2 | Found a one-way gateway to a ziggurat.
 36289 | Depths:2 | Gained mutation: You are clumsy. (Dex -2) [a shining eye]
 36379 | Depths:2 | Identified the +5 flail of Modat {heavy, rElec rC+ Dex+5}
 36454 | Depths:2 | Noticed a juggernaut
 36454 | Depths:2 | Noticed a golden dragon
 36467 | Depths:2 | Killed a juggernaut
 36473 | Depths:2 | Killed a golden dragon
 36586 | Depths:2 | Noticed a juggernaut
 36590 | Depths:2 | Killed a juggernaut
 36661 | Depths:2 | Noticed a golden dragon
 36678 | Depths:2 | Killed a golden dragon
 36728 | Depths:2 | Found the +2 hood of the Assassin {Detect Stab+ Stlth++}
 36759 | Depths:2 | Found a one-way gate to the infinite horrors of the Abyss.
 36852 | Depths:2 | Identified the +0 spear "Elesad Vywo" {vamp, rElec rPois}
 37602 | Depths:4 | Entered Level 4 of the Depths
 37602 | Depths:4 | Noticed Jory
 37611 | Depths:4 | Killed Jory
 37637 | Depths:4 | Reached XP level 23. HP: 182/189 MP: 23/23
 38068 | Depths:4 | Found a gate to the Realm of Zot.
 39041 | Slime:1  | Entered Level 1 of the Pits of Slime
 39107 | Slime:1  | Gained mutation: You occasionally shout uncontrollably at
                  | your foes. [a shining eye]
 39186 | Slime:5  | Entered Level 5 of the Pits of Slime
 39273 | Slime:5  | Noticed the Royal Jelly
 39293 | Slime:5  | Killed the Royal Jelly
 39387 | Slime:5  | Found the +5 robe of Night {Dark Will+ SInv}
 39396 | Slime:5  | Got Sif Muna's Handbook of Chilly Toxicants
 39459 | Slime:5  | Identified the +7 hand axe of Malaise {heavy, rElec}
 39462 | Slime:5  | Identified the +4 falchion of Generosity {spect, rElec
                  | Dex+3}
 39497 | Slime:5  | Found the +2 shield of Resistance {rF++ rC++ Will++}
 39514 | Slime:5  | Identified the +12 dagger of Spite {flame, Drain *Slow
                  | rC+++ Will++}
 39520 | Slime:5  | Got a slimy rune of Zot
 39853 | Slime:5  | Identified the +7 flail "Sotwiang" {freeze, rPois rF+
                  | Int+3}
 40869 | Zot:1    | Entered Level 1 of the Realm of Zot
 40993 | Zot:1    | Noticed an orb of fire
 40999 | Zot:1    | Lost mutation: You are robust. (+10% HP) [an orb of fire]
 41000 | Zot:1    | Killed an orb of fire
 41068 | Zot:1    | Lost mutation: You are clumsy. (Dex -2) [potion of
                  | mutation]
 41068 | Zot:1    | Lost mutation: One of your tentacles bears a spike. [potion
                  | of mutation]
 41068 | Zot:1    | Gained mutation: Your spells are a little harder to cast,
                  | but a little more powerful. [potion of mutation]
 41068 | Zot:1    | Gained mutation: Your spells are harder to cast, but more
                  | powerful. [potion of mutation]
 41317 | Zot:1    | Reached XP level 24. HP: 176/184 MP: 23/23
 41640 | Zot:1    | Noticed a curse toe
 41648 | Zot:1    | Killed a curse toe
 41828 | Zot:2    | Noticed a curse toe
 41876 | Zot:3    | Noticed a curse toe
 41958 | Zot:3    | Killed a curse toe
 42183 | Zot:4    | Noticed an ancient lich
 42183 | Zot:4    | Noticed a Killer Klown
 42187 | Zot:4    | Noticed a Killer Klown
 42188 | Zot:4    | Noticed a Killer Klown
 42190 | Zot:4    | Killed a Killer Klown
 42190 | Zot:4    | Reached skill level 22 in Shapeshifting
 42190 | Zot:4    | Killed an ancient lich
 42191 | Zot:4    | Killed a Killer Klown
 42196 | Zot:4    | Killed a Killer Klown
 42359 | Zot:5    | Entered Level 5 of the Realm of Zot
 42381 | Zot:5    | Noticed a Killer Klown
 42392 | Zot:5    | Killed a Killer Klown
 42571 | Zot:5    | Noticed a curse toe
 42573 | Zot:5    | Noticed an orb of fire
 42573 | Zot:5    | Noticed an orb of fire
 42577 | Zot:5    | Noticed an orb of fire
 42684 | Zot:5    | Noticed an orb of fire
 42690 | Zot:5    | Killed an orb of fire
 42691 | Zot:5    | Reached XP level 25. HP: 159/192 MP: 23/23
 42692 | Zot:5    | Noticed an orb of fire
 42693 | Zot:5    | Killed an orb of fire
 42698 | Zot:5    | Killed an orb of fire
 42698 | Zot:5    | Noticed an orb of fire
 42704 | Zot:5    | Killed an orb of fire
 42705 | Zot:5    | Noticed a Killer Klown
 42705 | Zot:5    | Noticed a Killer Klown
 42705 | Zot:5    | Noticed an orb of fire
 42705 | Zot:5    | Killed an orb of fire
 42705 | Zot:5    | Noticed an orb of fire
 42705 | Zot:5    | Noticed a Killer Klown
 42705 | Zot:5    | Noticed a Killer Klown
 42706 | Zot:5    | Killed an orb of fire
 42712 | Zot:5    | Killed an orb of fire
 42718 | Zot:5    | Gained mutation: You are vulnerable to heat. (rF-) [an orb
                  | of fire]
 42719 | Zot:5    | Killed an orb of fire
 42720 | Zot:5    | Killed a Killer Klown
 42725 | Zot:5    | Killed a Killer Klown
 42728 | Zot:5    | Reached skill level 23 in Shapeshifting
 42734 | Zot:5    | Killed a Killer Klown
 42736 | Zot:5    | Killed a Killer Klown
 42907 | Zot:5    | Noticed a dread lich
 42910 | Zot:5    | Noticed an ancient lich
 42911 | Zot:5    | Killed a dread lich
 42920 | Zot:5    | Killed an ancient lich
 43209 | Zot:5    | Acquired 1272 gold pieces
 44361 | D:6      | Bought a scroll of enchant weapon for 210 gold pieces
 44985 | Vaults:2 | You paid a toll of a +8 demon trident to enter a treasure
                  | trove
 44986 | Trove    | Entered a treasure trove
 45010 | Trove    | Identified the +3 lajatang of the Forsaken Friars {speed,
                  | Int+3}
 45051 | Trove    | Identified the ring of the Queen {+Blink rPois rF+ Will-
                  | Str+6}
 45053 | Trove    | Identified the ring "Geurphyen" {rF+ Will+ rCorr Str+3
                  | Stlth-}
 45067 | Trove    | Identified the staff of the Warrior-Mage {rPois rF+ Int+4
                  | Poison}
 45618 | Zot:5    | Got the Orb of Zot
 46248 | D:1      | gg
 46249 | D:$      | Escaped with the Orb!

Illustrated notes

#####.##..##>.....#.######..#.
#..........##.#..†......#.
###.#.##.#.##.#########.#.
#.........#...........##
########.############### #.###
#.# ###.# ##..####'####..##
###..'...'..### ####.v.#### ##
###..'...'..###
.#########..####'####..##
........#.### #.# ###.#
.######..## #.# ### .# ####
### .# ##


Turn 46248 on D:1: gg

Levels and vault maps discovered:
D:1:      dpeg_arrival_radiant, layout_basic
D:2:      minmay_chambers_of_twos, layout_loops_corners, basic_altar,
          ebering_ecumenical_altar_petrified
D:3:      layout_basic, nicolae_yredelemnul_ghost_church,
          grunt_temple_overflow_open, uniq_grinder
D:4:      cheibrodos_helix_gallery, layout_basic,
          gammafunk_temple_overflow_elements, minmay_temple_entry_proselytizer,
          uniq_sigmund, uniq_crazy_yiuf_cottage, uniq_ijyb, uniq_robin
D:5:      layout_rooms, mainiacjoe_overflow_chevrons, kennysheep_vampire_church,
          corexii_checkpoint_a, small_statue_intersection
D:6:      layout_rooms, nicolae_dithmenos_through_a_glass_darkly, serial_shops,
          kennysheep_mini, minmay_hollow_rounded_squares
D:7:      minmay_opposing_rooms, layout_basic
D:8:      layout_basic, overflow_temple_1_default, zin_treasury,
          dpeg_lair_monsters
D:9:      layout_irregular_city, nicolae_elyvilon_peaceful_grove,
          nicolae_ru_the_path_less_chosen, minmay_orc_entry_temple_small
D:10:     layout_layer_cave
D:11:     layout_irregular_city, serial_shops, nicolae_shop_just_a_little_nook,
          serial_park_tiny_pond, hangedman_abyss_or_decor_passed,
          nicolae_zen_rock_garden, small_statue_intersection
D:12:     minmay_the_grid_octo_tiled_squarecenter [minmay_the_grid_octo_toaster,
          minmay_the_grid_octo_fat_diamond, minmay_the_grid_octo_clover_2,
          minmay_the_grid_octo_checkerflower,
          minmay_the_grid_square_5x5_megaprize_checkered,
          minmay_the_grid_square_5x5_bridge, minmay_the_grid_square_5x5_minibox,
          minmay_the_grid_square_5x5_dogpile,
          minmay_the_grid_square_5x5_trominoes], layout_basic
D:13:     layout_basic, hangedman_vaults_entry_quadrant_bands, uniq_maurice,
          uniq_josephine
D:14:     minmay_twisted_water, layout_basic, nicolae_hepliaklqana_hazy_memory
D:15:     grunt_enter_depths_magical_seal, layout_grid_maze,
          minmay_strange_pillars
Lair:1:   layout_small_grid, gammafunk_ghost_arena
Lair:2:   layout_roguey, swamp_mist_pool, pdpol_lair_cabin_in_the_woods,
          uniq_fannar
Lair:3:   layout_layer_cave, guppyfry_snake_entry_island
Lair:4:   layout_roguey, ebering_ghost_xom, st_stairs_6
Lair:5:   hangedman_lair_caniforms_friends, layout_misc_corridors,
          guppyfry_lair_end_dragon, slime_entry_1,
          ebering_ghost_reflecting_pool, portal_ice_cave_entry_pillars_2,
          st_stairs_10, lemuel_fruit_fields
Swamp:1:  layout_falls_marsh, evilmike_swamp_ruin_house_2, uniq_aizul,
          uniq_nikola, uniq_louise
Swamp:2:  layout_basic_swamp, evilmike_swamp_ruin_rubble_2, uniq_roxanne,
          uniq_donald
Swamp:3:  layout_basic_swamp, nicolae_swamp_bean_lake
Swamp:4:  swamp_alternative, layout_basic_swamp
Snake:1:  layout_rooms, serial_shops, nicolae_shop_gibbet_a_chance,
          ebering_ghost_reflecting_pool, grunt_ministairs_1, grunt_megastairs_2,
          lemuel_fruit_tree
Snake:2:  hangedman_cross_stitches, layout_rooms, basic_altar, uniq_agnes
Snake:3:  layout_grid_maze, grunt_megastairs_4, minmay_shop_grove
Snake:4:  grunt_snake_rune_serpentine_throne, layout_layer_cave, basic_altar,
          drop_trap
Slime:1:  cheibrodos_slime_lost_civilization_9, layout_caves
Slime:2:  layout_caves
Slime:3:  layout_caves
Slime:4:  layout_caves, amcnicky_altar_lugonu_corruption
Slime:5:  slime_pit_nicolae_block_by_block
Orc:1:    layout_caves, serial_shops, shop
Orc:2:    grunt_orc_cross, layout_diamond_mine, uniq_rupert, uniq_azrael
Vaults:1: v_pattern_1, ontoclasm_vaults_pinch, grunt_vaults_funnel,
          ontoclasm_vaults_loading_screen, hangedman_vaults_maws,
          nicolae_vaults_closet_pinwheel_5, vaults_dpeg_hooks,
          nicolae_vaults_little_squares_3, layout_vaults_omnigrid
Vaults:2: nicolae_vaults_double_plus_3, minmay_crypt_entry_simple_sparse,
          v_misc_1, ontoclasm_vaults_ring_square,
          nicolae_vaults_lopsided_apartments, ontoclasm_vaults_ligature,
          vaults_mumra_hexcomb, v_misc_28, hangedman_vaults_corner_blocks,
          nicolae_vaults_door_testing_chamber, vaults_dpeg_spiral,
          vaults_dpeg_emergency_exit, nicolae_vaults_turnstiles,
          nicolae_vaults_layer_cake_slice, nicolae_vaults_tetromino_T_2,
          hangedman_vaults_capsules, nicolae_vaults_apartment_1,
          nicolae_vaults_tetromino_Z_1, layout_vaults_ring, enter_trove_5
Vaults:3: v_misc_3, nicolae_vaults_closet_pinwheel_1,
          nicolae_vaults_storage_closets_2, nicolae_vaults_trapezoid_2,
          nicolae_vaults_three_branches, nicolae_vaults_stairing_the_circle,
          v_misc_5, nicolae_vaults_offset_grid_hallway_4,
          nicolae_vaults_tangram_1, layout_vaults_omnicross, uniq_bai_suzhen,
          uniq_sojobo
Vaults:4: v_alt_pattern_4, hangedman_vaults_trim, nicolae_vaults_alarming,
          hangedman_vaults_nails, v_misc_1, nicolae_vaults_trapezoid_lopsided_2,
          dpeg_vaults_monster_row, nicolae_vaults_trapezoid_2,
          layout_vaults_chaotic_city
Depths:1: layout_roguey, rand_demon_pan_entry_9, pf_dread_powers_of_hell,
          serial_sigils_hangedman_confine, serial_bayou_lagoon_a,
          hangedman_aviary, uniq_enchantress
Depths:2: minmay_tearing_corner, layout_cave_pools, enter_ziggurat_b,
          abyss_entry_small_statue_room, lightli_too_deep, pan_entry,
          kennysheep_inner_square, minmay_shoptagon,
          infiniplex_staircase_trident
Depths:3: kennysheep_bubbly, layout_cave_pools, abyss_entry, hell_entry,
          dk_noncrumbling_4
Depths:4: evilmike_zot_entry_argh, layout_gridlike, hell_entry,
          grunt_pan_entry_sceptre, grunt_ministairs_7, water_maze_lemuel,
          uniq_jory
Zot:1:    layout_cellular_growth, grunt_megastairs_5
Zot:2:    layout_gridville
Zot:3:    layout_gridlike
Zot:4:    ebering_klown_carousel, layout_misc_corridors
Zot:5:    layout_basic

Skill      XL: |  1  2  3  4  5  6  7  8  9 10 11 12 13 14 15 16 17 18 19 20 21 22 23 24 25 |
---------------+----------------------------------------------------------------------------+-----
Fighting       | 2 4 5 7 10 11 12 13 15 16 18 20 21 22 | 22.0
Unarmed Combat | 4 5 6 8 10 11 12 13 15 16 17 19 20 21 22 | 22.0
Dodging        | 3 4 6 8 10 11 12 14 15 16 | 16.0
Shapeshifting  | 4 5 6 7 9 10 12 14 17 19 21 22 23 | 23.6
Shields        | 1 4 5 6 7 8 10 | 10.0
Evocations     | 5 7 8 10 12 | 12.0

Action                     |  1- 3 |  4- 6 |  7- 9 | 10-12 | 13-15 | 16-18 | 19-21 | 22-24 | 25-27 || total
---------------------------+-------+-------+-------+-------+-------+-------+-------+-------+-------++-------
  Melee: Unarmed           |    60 |    83 |   189 |   470 |  1027 |   931 |   885 |   826 |   164 ||  4635
         Constrict         |    13 |    20 |    55 |    72 |   111 |   178 |    78 |       |       ||   527
         Tentacles         |    12 |    16 |    49 |   123 |   325 |   289 |   187 |       |       ||  1001
         Punch             |     2 |     2 |    12 |    42 |   109 |   147 |   106 |   141 |    39 ||   600
         Kick              |       |       |    54 |   237 |   529 |   459 |   305 |       |       ||  1584
         Maw               |       |       |       |   230 |   504 |   359 |       |       |       ||  1093
         Tailslap          |       |       |       |       |       |       |    70 |       |       ||    70
         Bite              |       |       |       |       |       |       |    40 |       |       ||    40
  Throw: Dart              |       |       |     1 |     1 |     1 |       |       |       |       ||     3
 Invoke: Serpent's Lash    |       |       |     2 |    10 |    11 |    17 |     4 |     6 |     5 ||    55
         Heavenly Storm    |       |       |       |       |       |     4 |     1 |     1 |       ||     6
Ability: Lunge             |     3 |    11 |    30 |    34 |    56 |   110 |    73 |    79 |    19 ||   415
         Whirlwind         |       |     1 |     3 |    64 |    56 |   237 |    79 |    38 |    11 ||   489
  Evoke: Wand              |       |       |       |       |    12 |       |       |     2 |       ||    14
    Use: Scroll            |       |     8 |     9 |     5 |     7 |     7 |     1 |     5 |     9 ||    51
         Potion            |       |     2 |     1 |     1 |     3 |     4 |       |     4 |       ||    15
   Stab: Sleeping          |     8 |     9 |    13 |    15 |    19 |    22 |    25 |     6 |       ||   117
         Distracted        |       |       |       |       |     1 |     6 |       |     2 |       ||     9
 Armour: Skin              |     2 |     3 |       |    10 |    68 |    29 |   265 |    75 |    11 ||   463
  Dodge: Dodged            |    27 |    28 |    55 |   139 |   569 |   497 |   900 |   839 |   110 ||  3164
  Block: Kite shield       |       |    41 |    79 |   277 |   801 |   591 |   719 |       |       ||  2508
   Form: Maw               |       |       |       |     1 |       |       |       |       |       ||     1
         Statue            |       |       |       |       |       |     1 |       |       |       ||     1
         Dragon            |       |       |       |       |       |       |     1 |     1 |       ||     2
         Storm             |       |       |       |       |       |       |       |     4 |       ||     4
                           |       |       |       |       |       |       |       |     2 |       ||     2

Table legend: (Time is in decaauts)
 A = Elapsed time spent in this place.
 B = Non-inter-level travel time spent in this place.
 C = Inter-level travel time spent in this place.
 D = Time resting spent in this place.
 E = Time spent auto-exploring this place.
 F = Levels seen in this place.
 G = Mean time per level.
                   A        B        C        D        E       F      G
               +--------+--------+--------+--------+--------+-----+--------+
         Total |  47781 |  41864 |   5917 |   5664 |  26455 |  50 |  955.6 |
       Dungeon |  18912 |  16183 |   2729 |   3113 |   9818 |  15 | 1260.8 |
          Lair |   5941 |   5179 |    762 |    596 |   3466 |   5 | 1188.2 |
         Swamp |   2573 |   2372 |    201 |    190 |   1540 |   4 |  643.2 |
     Snake Pit |   3148 |   2952 |    196 |    140 |   2040 |   4 |  787.0 |
    Slime Pits |   1338 |   1252 |     86 |     92 |    726 |   5 |  267.6 |
  Orcish Mines |   1421 |   1366 |     55 |    317 |    809 |   2 |  710.5 |
        Vaults |   6327 |   5585 |    742 |     88 |   4321 |   4 | 1581.8 |
        Depths |   4057 |   3517 |    540 |    402 |   2309 |   4 | 1014.2 |
           Zot |   3166 |   2563 |    603 |    547 |   1287 |   5 |  633.2 |
         Trove |    156 |    156 |      0 |      0 |      3 |   1 |  156.0 |
      Ice Cave |    737 |    737 |      0 |    179 |    135 |   1 |  737.0 |
               +--------+--------+--------+--------+--------+-----+--------+

Top non-repeatable levels by time:
     D:7: 2018 daAuts
     D:8: 1847 daAuts
Vaults:1: 1822 daAuts
Vaults:2: 1792 daAuts
     D:3: 1667 daAuts
    D:10: 1615 daAuts
  Lair:5: 1589 daAuts
Vaults:3: 1538 daAuts
    D:14: 1336 daAuts
    D:13: 1330 daAuts
Depths:1: 1317 daAuts
     D:4: 1268 daAuts
  Lair:2: 1267 daAuts
 Slime:5: 1224 daAuts
  Lair:3: 1219 daAuts
